 Dungeon Crawl Stone Soup version 0.24.0-13-gcf9b3192b9 (webtiles) character file.

Game seed: 4073536448559240302, levelgen mode: deterministic

62 Descartes the Scratcher (level 3, 0/15 HPs)
             Began as a Felid Transmuter on Nov 8, 2019.
             Slain by Crazy Yiuf
             ... wielding a +2 quarterstaff of chaos
              (6 damage)
             ... on level 2 of the Dungeon.
             The game lasted 00:03:38 (2856 turns).

Descartes the Scratcher (Felid Transmuter)          Turns: 2856, Time: 00:03:39

Health: 0/15       AC:  1    Str:  7    XL:     3   Next: 85%
Magic:  6/7        EV: 18    Int: 14    God:
Gold:   55         SH:  0    Dex: 16    Spells: 3/6 levels left
                                        Lives:  0   Deaths: 0

rFire    . . .     SeeInvis +     - Unarmed
rCold    . . .     Gourm    .   (shield unavailable)
rNeg     . . .     Faith    .   (armour unavailable)
rPois    .         Spirit   .   (helmet unavailable)
rElec    .         Reflect  .   (cloak unavailable)
rCorr    .         Harm     .   (gloves unavailable)
MR       .....                  (boots unavailable)
Stlth    ++........             (no amulet)
HPRegen  0.05/turn              (no ring)
MPRegen  0.10/turn              (no ring)

@: appendage (expiring), quick
A: very small, no armour, no weapons or thrown items, stealth, claws 1, fangs 3,
horns 2, see invisible, carnivore, speed 1, shaggy fur 1, slow metabolism 1,
sharp paws
a: End Transformation


You were on level 2 of the Dungeon.
You were completely stuffed.
You had grown temporary horns.
You visited 1 branch of the dungeon, and saw 2 of its levels.

You collected 55 gold pieces.

Inventory:

Missiles
 a - 98 arrows
Scrolls
 e - 2 scrolls of magic mapping {unknown}
 g - a scroll of random uselessness {unknown}
 h - 2 scrolls of remove curse {unknown}
 i - a scroll of immolation {unknown}
 j - 2 scrolls of identify {unknown}
Potions
 b - a potion of agility {unknown}
 d - a potion of curing {unknown}
 f - 2 potions of mutation {unknown}
Comestibles
 c - 4 rations
 k - 2 chunks of flesh


   Skills:
 + Level 1.4 Fighting
 + Level 3.2 Dodging
 + Level 1.3 Stealth
 * Level 3.5 Unarmed Combat
 + Level 2.3 Spellcasting
 * Level 3.0 Transmutations


You had 3 spell levels left.
You knew the following spells:

 Your Spells              Type           Power        Failure   Level  Hunger
a - Beastly Appendage     Tmut           ##....       7%          1    #......
b - Sticks to Snakes      Tmut           ##......     10%         2    ###....

Your spell library contained the following spells:

 Spells                   Type           Power        Failure   Level  Hunger
 Spider Form              Tmut/Pois      #.........   36%         3    ###....
 Ice Form                 Ice/Tmut       #.......     77%         4    #####..
 Blade Hands              Tmut           ##........   88%         5    ######.


Dungeon Overview and Level Annotations

Branches:
Dungeon (2/15)

Altars:
Dithmenos
Trog

Annotations:
D:2 Crazy Yiuf


Innate Abilities, Weirdness & Mutations

You cannot wear armour.
You are incapable of wielding weapons or throwing items.
Your paws allow you to move quietly. (Stealth)
You have sharp claws.
You have razor-sharp teeth.
You have supernaturally acute eyesight. (SInv)
You are carnivorous and can eat meat at any time.
You cover ground quickly.
You are covered in fur. (AC +1)
You have a slow metabolism.
Your sharp claws are effective at attacking unaware monsters.
You have a pair of horns on your head.


Message History

Crazy Yiuf flaps his cloak.
Crazy Yiuf barely misses you.
You closely miss Crazy Yiuf.
Your transformation is almost over.
Crazy Yiuf hits you with a +2 quarterstaff of chaos!
Ouch! That really hurt!
You scratch Crazy Yiuf but do no damage.
You headbutt Crazy Yiuf, but do no damage.
Crazy Yiuf screams, "Ten!
Cake shoe King."
Crazy Yiuf closely misses you.
You closely miss Crazy Yiuf. Crazy Yiuf closely misses you.
You scratch Crazy Yiuf. You bite Crazy Yiuf.
Crazy Yiuf is moderately wounded.
You barely miss Crazy Yiuf.
Crazy Yiuf is moderately wounded.
Crazy Yiuf misses you.
You closely miss Crazy Yiuf.
Crazy Yiuf is moderately wounded.
Crazy Yiuf hits you with a +2 quarterstaff of chaos.
You die...

####.# #.# ♣.PP.♣
.....# #.# ♣♣PP.♣
###### #.# ♣♣.♣♣ #.#
♣♣.♣ ####.# ♣.♣♣
##.##.# ♣♣.♣
######...#.# ♣.♣♣
...........# ##'##
...........# #.@.#
######..#### #.g.# #..#
#)..# #..#### #####
#.....# #..#######
######..# #.#
........#####.# #####
...........>..#####...#


You could see Crazy Yiuf.

Vanquished Creatures
  A jelly (D:2)
  A worm (D:2)
  A dart slug (D:1)
  A leopard gecko (D:1)
  A bat (D:1)
  6 goblins (D:1)
  2 hobgoblins
  2 jackals (D:2)
  5 kobolds
  A frilled lizard (D:2)
  6 rats
27 creatures vanquished.

Vanquished Creatures (others)
  4 toadstools (D:1)
4 creatures vanquished.

Grand Total: 31 creatures vanquished

Notes
Turn   | Place    | Note
-------+----------+-------------------------------------------
     0 | D:1      | Descartes the Felid Transmuter began the quest for the Orb.
     0 | D:1      | Reached XP level 1. HP: 9/9 MP: 4/4
   495 | D:1      | Reached XP level 2. HP: 12/12 MP: 6/6
   704 | D:1      | Learned a level 2 spell: Sticks to Snakes
  1462 | D:2      | Noticed a moth of wrath
  1466 | D:2      | Found a bloodstained altar of Trog.
  1640 | D:2      | Reached skill level 1 in Stealth
  1640 | D:2      | Reached XP level 3. HP: 12/15 MP: 7/7
  1921 | D:2      | Found a shadowy altar of Dithmenos.
  2045 | D:2      | Found a runed translucent door.
  2046 | D:2      | Noticed Crazy Yiuf
  2856 | D:2      | Slain by Crazy Yiuf

Levels and vault maps discovered:
D:1:      ldierk_water_garden, layout_basic
D:2:      layout_loops_ring, nicolae_overflow_crystal_walls, first_ration,
          tgw_trog, uniq_crazy_yiuf_cottage

Skill      XL: |  1  2  3 |
---------------+----------+-----
Dodging        | 3 |  3.2
Stealth        | 1 |  1.3
Transmutations | 3 |  3.0
Fighting       | |  1.4
Unarmed Combat | |  3.5
Spellcasting   | |  2.3

Action                   || total
-------------------------++-------
Melee: Unarmed           ||    75
       Bite              ||     8
       Headbutt          ||     5
 Cast: Beastly Appendage ||     7
 Stab: Sleeping          ||     6
  Eat: Chunk             ||    11
Armor: Skin              ||     1
Dodge: Dodged            ||    59
